AoeStats
← MatzeAoE

Enclosed

505049275Analyzed
1v1 RM · 25d ago on Sep 7, 2026· 45m 47s· 2 players
Game mode
Random Map
Map size
Tiny (2 player)
Population
200
Speed
Normal
Resources
Standard
Victory
Conquest
Starting age
Dark Age
Ending age
Imperial Age
RankedLock teamsTeams togetherTeam positionsShared explorationLock speedFull tech treeHidden civsTurbo modeCheats
Victory
Defeat
🇩🇪 Burgundians · Germany
2009
+15
🇨🇱 Mongols · Chile
1979
-15
benja23
5:41 Loom
8:02 Feudal Age
6:20 Loom
15:54 Fletching
17:06 Horse Collar
33:20 Castle Age
36:15 Castle Age
34:16 Double-Bit Axe
34:46 Forging
36:41 Crossbowman
37:30 Bodkin Arrow
40:21 Bow Saw
42:53 Wheelbarrow
47:43 Imperial Age
45:21 Stone Mining
45:21 Gold Mining
MatzeAoE
5:16 Double-Bit Axe
6:05 Loom
15:47 Horse Collar
18:19 Wheelbarrow
20:37 Feudal Age
24:03 Bow Saw
26:04 Town Watch
29:00 Castle Age
30:14 Fletching
30:42 Masonry
31:03 Bodkin Arrow
33:13 Heavy Plow
40:12 Gold Mining
40:12 Stone Mining
40:46 Town Patrol
41:02 Hand Cart
42:27 Gold Shaft Mining
42:27 Stone Shaft Mining
42:27 Guilds
45:39 Imperial Age
44:09 Stone Shaft Mining
44:09 Gold Shaft Mining
43:53 Forging
43:49 Scale Barding Armor
45:40 Iron Casting
45:41 Ballistics
46:07 Chain Barding Armor
Connection lost

Rejoining the realm…

Still unreachable

The connection could not be restored.

Session expired

The server has moved on; the page needs a fresh start.